 Dungeon Crawl Stone Soup version 0.28-a0-1152-g9c71ebef14 (webtiles) character file.

Game seed: 7294140757602112459

6 spaghetti the Sneak (level 2, 0/25 HPs)
             Began as a Djinni Delver on Dec 14, 2021.
             Slain by an orc warrior (12 damage)
             ... on level 7 of the Dungeon.
             The game lasted 00:01:29 (363 turns).

spaghetti the Sneak (Djinni Delver)                  Turns: 363, Time: 00:01:29

Health: 0/25       AC:  3    Str: 11    XL:     2   Next: 0%
Gold:   26         EV: 12    Int: 11    God:
                   SH:  0    Dex: 14

rFire   + + .      SeeInvis .   a - +0 falchion {long}
rCold   x . .      Faith    .   (no shield)
rNeg    . . .      Spirit   .   b - +0 leather armour
rPois   ∞          Reflect  .   (no helmet)
rElec   .          Harm     .   (no cloak)
rCorr   .          Rampage  .   (no gloves)
Will    .....                   (boots unavailable)
Stlth   ++........              (no amulet)
HPRegen 0.08/turn               (no ring)
MPRegen 0.00/turn               (no ring)

@: flying, hasted, very quick
A: sickness immunity, fire resistance 2, cold vulnerability 1, float, innate
caster, hp casting, extra vitality 1
a: no special abilities


You were on level 7 of the Dungeon.
You visited 1 branch of the dungeon, and saw 4 of its levels.

You collected 26 gold pieces.


Innate Abilities, Weirdness & Mutations

You are immune to sickness and miasma.
You are immune to poison.
Your flesh is very heat resistant. (rF++)
You are vulnerable to cold. (rC-)
You float through the air rather than walking.
You learn spells naturally, not from books.
Your magical power is your life essence.
You have superior vitality. (+4 HP)


   Skills:
 - Level 3.0 Fighting
 - Level 1.7 Long Blades
 + Level 2.9 Dodging
 - Level 4.1 Stealth


You had one spell level left.
You didn't know any spells.
Your spell library was empty.

Inventory:

Hand Weapons
 a - a +0 falchion (weapon) {long}
Armour
 b - a +0 leather armour (worn)
Wands
 g - a wand of digging (3)
Scrolls
 c - a scroll of fog
Potions
 h - a potion of mutation {unknown}

Dungeon Overview and Level Annotations

Branches:
Dungeon (8/15)             Temple (0/1) D:6
   Lair: D:8-11

Altars:

Shops:
D:7 (

Annotations:
D:7 Prince Ribbit

#∩..........#
#...........#
#......######
#......#
#......#
#......######
###+###.....#
#.o...#
#.o@..#
#.5...#
....#####
#....# #....#
#....# #....
#..


You could see an orc warrior, an orc priest and a shadow imp.


Message History

As you read the scroll of fear, it crumbles to dust.
You assume a fearsome visage.
The orc looks frightened! x2
You see here a +0 mace {mace}. 😮 HP[+1]
You reach down and open the door.
Prince Ribbit comes into view.
As you close the door, it creaks loudly!
You hear a croak.
Something shouts, "Fly, thou ducking nut-hook ratsbane!"
You reach down and open the door.
There is an open door here. 😮 HP[+1]
You hit the orc. The orc misses you. x2
You hit the orc.
You kill the orc!
You reach down and close the door, pushing everything out of the way.
You start resting.
You hear the faint creaking of a distant portcullis.
A shadow imp opens the door. 😮 HP[+2]
You regained 2 hp, and now have 14/20 hp.
Unknown command.
Unknown command.
A howler monkey skeleton comes into view.
You reach down and open the door. 😮 HP[+1]
There is an open door here.
You reach down and close the door.
You start resting.
You hear the faint creaking of a distant portcullis.
An orc is nearby! 😕 HP[+1] Unknown command.
An orc is nearby!
An orc is nearby!
You closely miss the orc. The orc closely misses you.
You hit the orc.
The orc hits you with a +0 falchion. 😮 HP[-5]
You take 5 damage, and now have 11/20 hp.
MASSIVE DAMAGE!! (PAUSE)
You hit the orc.
You kill the orc!
You have reached level 2! 😮 HP[+3]
You now have 25 max hp (+5).
You regained 3 hp, and now have 14/25 hp.
Things that are here:
a +0 falchion {long}; a +0 scale mail; an orc corpse A howler monkey skeleton is nearby! 😮 HP[+2]
You regained 2 hp, and now have 16/25 hp.
You see here an orc corpse.
There is an open door here.
You see here a +0 leather armour.
You reach down and close the door. 😮 HP[+1]
You start resting.
You hear the faint creaking of a very distant portcullis.
Prince Ribbit is nearby! 😕 HP[+3]
You regained 3 hp, and now have 20/25 hp.
Unknown command.
There is an open door here.
You reach down and close the door. 😕 HP[+1]
You now have 26 gold pieces (gained 16).
There are no items here.
Found Emu Git's Weapon Shoppe.
Found a stone staircase leading down.
You hear the creaking of a very distant portcullis.
There is an entrance to Emu Git's Weapon Shoppe here. 😕 HP[+1]
You can access your shopping list by pressing '$'.
Unknown command.
There is a stone staircase leading down here.
You fly downwards.
The orc shouts!
The orc warrior shouts!
The orc priest shouts!
The orc shouts!
There is a stone staircase leading up here.
Unknown command.
Unknown command.
Unknown command.
The orc priest hits you but does no damage.
The orc warrior hits you with a +0 glaive!
* * * LOW HITPOINT WARNING * * *
You fly upwards.
You hear the roar of battle.
There is an entrance to a bailey on this level.
Hurry and find it before the portal closes forever!
Level annotation: Prince Ribbit The shadow imp puffs mist at you.
There is a stone staircase leading down here.
Unknown command.
Unknown command. 😨 HP[-10]
You take 10 damage, and now have 12/25 hp.
MASSIVE DAMAGE!! (PAUSE) Unknown command.
Okay, then.
You feel yourself speed up. The shadow imp closely misses you.
The orc warrior hits you with a +0 glaive!
You die...

Action                   || total
-------------------------++-------
Melee: Falchion          ||    11
  Use: Scroll            ||     2
       Potion            ||     1
Armor: Leather armour    ||     1
Dodge: Dodged            ||    19

Levels and vault maps discovered:
D:5:      cheibrodos_barr_body, layout_basic, serial_shops,
          kennysheep_mini_moat, nicolae_shop_window_shopping,
          nicolae_shop_advertising_works [nicolae_subvault_shop_adworks],
          nicolae_diamond_shop, shop, ebering_ghost_gozag,
          nicolae_elevator_lobby_plus
D:6:      layout_cave_pools, amcnicky_altar_gilded,
          minmay_temple_entry_steel_oval, lightli_orcish_oven,
          uniq_crazy_yiuf_cottage, uniq_blork_the_orc
D:7:      layout_gridville, serial_shops, nicolae_shop_trees, shop,
          enter_bailey_2, uniq_prince_ribbit1, uniq_harold
D:8:      layout_basic, lemuel_crystal_altar, trog_book, uniq_gastronok

Notes
Turn   | Place    | Note
-------+----------+-------------------------------------------
     0 | D:5      | spaghetti the Djinni Delver began the quest for the Orb.
     0 | D:5      | Reached XP level 1. HP: 20/20 MP: 0/0
     0 | D:5      | magus.rc [v1.9.6]
    24 | D:6      | Noticed a black bear
   152 | D:6      | Noticed an ice beast
   175 | D:7      | Noticed Prince Ribbit
   256 | D:7      | Reached XP level 2. HP: 14/25 MP: 0/0
   343 | D:7      | Found Emu Git's Weapon Shoppe.
   360 | D:8      | Noticed an orc warrior
   361 | D:8      | Noticed a sky beast
   363 | D:7      | Slain by an orc warrior

Vanquished Creatures
  3 orcs (D:7)
3 creatures vanquished.

Table legend:
 A = Non-vault XP
 B = Vault XP
 C = Vault XP percentage of total XP
 D = Non-vault monster count
 E = Vault monster count
 F = Vault count percentage of total count
                 A         B        C        D         E       F
            +---------+---------+-------+---------+---------+-------
      Total |       9 |       0 |   0.0 |       3 |       0 |   0.0
            +---------+---------+-------+---------+---------+-------
        D:7 |       9 |       0 |   0.0 |       3 |       0 |   0.0
            +---------+---------+-------+---------+---------+-------

Illustrated notes

Table legend:
 A = Kills in this place as a percentage of kills in entire the game.
 B = Kills by you in this place as a percentage of kills by you in the entire game.
 C = Kills by friends in this place as a percentage of kills by friends in the entire game.
 D = Other kills in this place as a percentage of other kills in the entire game.
 E = Experience gained in this place as a percentage of experience gained in the entire game.
 F = Experience gained in this place divided by the number of levels of this place that you have seen.
                   A       B       C       D       E      F
               +-------+-------+-------+-------+-------+----------------------
         Total | 100.0 | 100.0 |   N/A |   N/A | 100.0 |   2.2
       Dungeon | 100.0 | 100.0 |   N/A |   N/A | 100.0 |   2.2
               +-------+-------+-------+-------+-------+----------------------

Table legend: (Time is in decaauts)
 A = Elapsed time spent in this place.
 B = Non-inter-level travel time spent in this place.
 C = Inter-level travel time spent in this place.
 D = Time resting spent in this place.
 E = Time spent auto-exploring this place.
 F = Levels seen in this place.
 G = Mean time per level.
                   A        B        C        D        E       F      G
               +--------+--------+--------+--------+--------+-----+--------+
         Total |    367 |    367 |      0 |    188 |     23 |   4 |   91.8 |
       Dungeon |    367 |    367 |      0 |    188 |     23 |   4 |   91.8 |
               +--------+--------+--------+--------+--------+-----+--------+

Top non-repeatable levels by time:
     D:7: 315 daAuts
     D:6: 30 daAuts
     D:5: 19 daAuts
     D:8: 1 daAuts
